Nashville Predators vs Los Angeles Kings

Created - Wednesday, August 6, 2025 at 08:04

Goals
1 2 3 OT1 T
Nashville Predators 2 0 1 1 4
Los Angeles Kings 1 0 2 0 3
Shots
1 2 3 OT1 T
Nashville Predators 17 8 13 3 41
Los Angeles Kings 9 11 14 0 34

1st period

1. Nashville Predators , Yegor Sharangovich 1 (Dmitri Voronkov 1) at 7:07 (SH)
2. Los Angeles Kings , Morgan Geekie 1 (Matthew Boldy 2) at 9:29
3. Nashville Predators , Dmitri Voronkov 2 (Jake Neighbours 2) at 12:58

Penalties :
Jean-Gabriel Pageau (NSH) for Delaying the game (Minor) at 6:23

2nd period

No Goal

Penalties :
Evander Kane (LAK) for Hooking (Minor) at 7:30, Simon Benoit (NSH) for High sticking (Minor) at 17:11

3rd period

4. Nashville Predators , Lars Eller 1 (Eetu Luostarinen 2, Brandon Tanev 2) at 2:09
5. Los Angeles Kings , Andrei Kuzmenko 2 (Evander Kane 2, Matthew Boldy 3) at 6:22
6. Los Angeles Kings , Jansen Harkins 1 (Alexander Romanov 1, Andrei Kuzmenko 1) at 17:01

Penalties :
Brandon Montour (NSH) for High sticking (Minor) at 9:11, MacKenzie Weegar (LAK) for Interference (Minor) at 11:32, John-Jason Peterka (NSH) for Holding (Minor) at 18:47

Overtime #1

7. Nashville Predators , Jean-Gabriel Pageau 2 (Alex Pietrangelo 2, Rasmus Andersson 1) at 0:16 (SH)

Penalties :
No Penalty

Goalie Stats

Anthony Stolarz (NSH), 31 saves from 34 shots - (0.912), W, 2-0-0, 60:16 minutes
Carl Lindbom (LAK), 37 saves from 41 shots - (0.902), OTL, 0-0-1, 60:16 minutes

Players Stats for Nashville Predators

Player Name              G  A  P  +/- PIM S  H  SB GA TA FO     MP     PP MP  PK MP  
------------------------------------------------------------------------------------
Alex Pietrangelo         0  1  1   1  0   3  1  2  0  0  0/0    25:44   2:09   4:59 
Brandon Montour          0  0  0   0  2   2  0  1  0  1  0/0    20:30   2:09   0:43 
Brandon Tanev            0  1  1  -1  0   1  0  0  0  0  0/0    11:01   0:00   0:33 
Dante Fabbro             0  0  0   2  0   1  0  1  0  0  0/0    18:10   1:49   2:37 
Dmitri Voronkov          1  1  2   2  0   4  1  0  2  2  2/3    16:20   1:56   0:35 
Eetu Luostarinen         0  1  1  -1  0   2  1  0  1  1  3/6    13:14   0:00   2:46 
Jack Roslovic            0  0  0   0  0   1  3  0  0  0  0/3     9:32   0:00   0:00 
Jake Neighbours          0  1  1   1  0   2  1  0  0  0  0/1    15:45   1:56   0:00 
James van Riemsdyk       0  0  0   0  0   3  1  0  1  1  0/1     9:32   0:00   0:00 
Jean-Gabriel Pageau      1  0  1   0  2   4  1  0  0  1  17/30  20:33   2:02   3:28 
John-Jason Peterka       0  0  0  -1  2   4  0  0  1  0  0/1    16:58   2:02   0:00 
Lars Eller               1  0  1  -1  0   2  0  0  1  0  2/4    11:01   0:00   0:33 
Marco Kasper             0  0  0   1  0   3  1  0  1  1  4/7    15:45   1:56   0:00 
Parker Wotherspoon       0  0  0   1  0   2  1  0  0  0  0/0    13:03   0:00   0:00 
Pius Suter               0  0  0  -1  0   2  2  0  1  0  2/3    22:08   2:02   5:02 
Rasmus Andersson         0  1  1  -1  0   1  1  1  1  2  0/0    24:15   1:49   4:56 
Simon Benoit             0  0  0  -1  2   2  2  1  0  1  0/0    18:55   0:00   1:35 
Yegor Sharangovich       1  0  1   1  0   2  1  0  0  0  1/1    11:09   0:00   1:37 

Players Stats for Los Angeles Kings

Player Name              G  A  P  +/- PIM S  H  SB GA TA FO     MP     PP MP  PK MP  
------------------------------------------------------------------------------------
Adam Fantilli            0  0  0   0  0   4  2  0  1  0  12/20  18:51   3:35   2:04 
Alex Gallant             0  0  0  -1  0   0  0  0  0  0  1/1     8:51   0:00   0:00 
Alexander Romanov        0  1  1   1  0   1  1  2  0  1  0/0    15:37   0:00   0:00 
Andrei Kuzmenko          1  1  2   1  0   2  1  0  1  0  0/0    13:03   0:03   0:00 
Andrei Svechnikov        0  0  0   0  0   1  0  0  0  0  0/1    19:18   3:31   2:04 
Brent Burns              0  0  0   1  0   2  0  1  1  2  0/0    22:04   3:43   1:52 
Cooper Marody            0  0  0  -1  0   0  0  2  0  0  0/0     8:51   0:00   0:00 
Evander Kane             0  1  1   1  2   1  3  1  1  1  0/1    13:01   0:00   0:00 
Jansen Harkins           1  0  1   1  0   1  0  2  0  0  8/12   13:03   0:03   0:00 
K'Andre Miller           0  0  0  -3  0   2  1  3  2  0  0/0    22:35   3:26   2:06 
Logan Cooley             0  0  0   0  0   1  1  0  0  1  1/3    16:54   3:38   0:00 
MacKenzie Weegar         0  0  0  -3  2   2  0  3  0  2  0/0    22:17   3:26   1:14 
Matthew Boldy            0  2  2  -1  0   2  2  0  1  0  0/1    19:31   3:31   1:54 
Mikey Eyssimont          0  0  0  -1  0   1  1  0  0  2  1/3     8:51   0:00   0:00 
Morgan Geekie            1  0  1   0  0   8  0  1  1  0  1/1    16:47   3:35   0:00 
Owen Power               0  0  0   1  0   1  0  1  1  0  0/0    15:55   0:00   0:52 
Ryan Suter               0  0  0   1  0   0  0  1  0  0  0/0    22:04   3:43   1:52 
Seth Jarvis              0  0  0  -1  0   5  1  0  1  0  5/17   19:31   3:31   1:54 

3 Stars

1 - Dmitri Voronkov (NSH)
2 - Andrei Kuzmenko (LAK)
3 - Yegor Sharangovich (NSH)

Power Play

Nashville Predators - 0 on 2 Attempt(s) - 0.00%
Los Angeles Kings - 0 on 4 Attempt(s) - 0.00%

Penalty Kill

Nashville Predators - 4 on 4 Attempt(s) - 100.00% - Score 2 goal in Penalty Kill
Los Angeles Kings - 2 on 2 Attempt(s) - 100.00% - Score 0 goal in Penalty Kill

Team Stat

Nashville Predators - Hits : 17 - Faceoff Wins : 31 - Blocked Shots : 6 - Penalty Minutes : 8
Los Angeles Kings - Hits : 13 - Faceoff Wins : 29 - Blocked Shots : 17 - Penalty Minutes : 4

Official

Referees : Unknown
Linesman : Unknown

Game Notes

12:58 of 1st period - Nashville Predators goal is going for a video replay. After video review, Goal.

Finance

Level 1 -- Attendance: 4293 (71.55%) -- Ticket Income $429,300
Level 2 -- Attendance: 3595 (71.90%) -- Ticket Income $215,700
Level 3 -- Attendance: 2378 (79.27%) -- Ticket Income $83,230
Level 4 -- Attendance: 3337 (66.74%) -- Ticket Income $83,425
Luxury Box -- Attendance: 834 (83.40%) -- Ticket Income $166,800
Game was played at the Staples Center.
Total Attendance: 14437 (72.19%)
Total Ticket Income: $978,455
Other Income: $342,459
Total Income: $1,320,914

Nashville Predators

5 vs 5 Forward 
   Center                   Left Wing                Right Wing               Time % Phy DF OF 
 1 Jean-Gabriel Pageau      John-Jason Peterka       Pius Suter               37     0   2  3  
 2 Marco Kasper             Dmitri Voronkov          Jake Neighbours          33     0   2  3  
 3 Jack Roslovic            Yegor Sharangovich       James van Riemsdyk       15     0   2  3  
 4 Lars Eller               Eetu Luostarinen         Brandon Tanev            15     0   3  2  

5 vs 5 Defense 
   Defense                  Defense                                           Time % Phy DF OF 
 1 Alex Pietrangelo         Brandon Montour                                   40     1   2  2  
 2 Simon Benoit             Rasmus Andersson                                  36     1   4  0  
 3 Dante Fabbro             Parker Wotherspoon                                24     0   5  0  
 4 Parker Wotherspoon       Dante Fabbro                                      0      1   3  1  

PowerPlay Forward 
   Center                   Left Wing                Right Wing               Time % Phy DF OF 
 1 Jean-Gabriel Pageau      John-Jason Peterka       Pius Suter               50     1   1  3  
 2 Marco Kasper             Dmitri Voronkov          Jake Neighbours          50     1   1  3  

PowerPlay Defense
   Defense                  Defense                                           Time % Phy DF OF 
 1 Brandon Montour          Alex Pietrangelo                                  50     1   1  3  
 2 Dante Fabbro             Rasmus Andersson                                  50     2   2  1  

Penalty Kill 4 Players Forward 
   Center                   Wing                     Time % Phy DF OF 
 1 Jean-Gabriel Pageau      Pius Suter               65     1   2  2  
 2 Lars Eller               Brandon Tanev            35     1   2  2  

Penalty Kill 4 Players Defense
   Defense                  Defense                  Time % Phy DF OF 
 1 Alex Pietrangelo         Rasmus Andersson         60     2   3  0  
 2 Simon Benoit             Dante Fabbro             40     1   3  1  

Penalty Kill - 3 Players Forward 
   Forward                                           Time % Phy DF OF 
 1 Jean-Gabriel Pageau                               50     1   2  2  
 2 Lars Eller                                        50     1   2  2  

Penalty Kill - 3 Players Defense
   Defense                  Defense                  Time % Phy DF OF 
 1 Alex Pietrangelo         Rasmus Andersson         50     1   2  2  
 2 Simon Benoit             Parker Wotherspoon       50     1   2  2  

4 vs 4 Forward 
   Center                   Wing                     Time % Phy DF OF 
 1 Jean-Gabriel Pageau      Pius Suter               50     1   2  2  
 2 Lars Eller               Eetu Luostarinen         50     1   2  2  

4 vs 4 Defense
   Defense                  Defense                  Time % Phy DF OF 
 1 Rasmus Andersson         Alex Pietrangelo         60     2   2  1  
 2 Parker Wotherspoon       Simon Benoit             40     2   2  1  

Last Minutes Offensive
   Center                   Left Wing                Right Wing               Defense                  Defense                  
   Jean-Gabriel Pageau      Pius Suter               John-Jason Peterka       Dmitri Voronkov          Brandon Montour          

Last Minutes Defensive
   Center                   Left Wing                Right Wing               Defense                  Defense                  
   Jean-Gabriel Pageau      Pius Suter               Brandon Tanev            Alex Pietrangelo         Rasmus Andersson         

Goaltenders
Starting : Anthony Stolarz          
Backup : Samuel Ersson            

Extra Forwards
Normal : Dmitri Voronkov, James van Riemsdyk, Eetu Luostarinen - PP : Eetu Luostarinen, James van Riemsdyk - PK : Eetu Luostarinen
Extra Defensemen
Normal : Dante Fabbro, Parker Wotherspoon, Simon Benoit - PP : Dante Fabbro - PK : Dante Fabbro, Brandon Montour
Penalty Shots
Dmitri Voronkov, Jake Neighbours, John-Jason Peterka, Pius Suter, Yegor Sharangovich

Scratches
Nikita Alexandrov (Healthy), Ryan Hartman (Healthy), Thatcher Demko (Healthy), Mads Sogaard (Healthy)

Los Angeles Kings

5 vs 5 Forward 
   Center                   Left Wing                Right Wing               Time % Phy DF OF 
 1 Seth Jarvis              Matthew Boldy            Andrei Svechnikov        30     1   2  2  
 2 Adam Fantilli            Logan Cooley             Morgan Geekie            30     1   2  2  
 3 Jansen Harkins           Andrei Kuzmenko          Evander Kane             25     1   2  2  
 4 Mikey Eyssimont          Alex Gallant             Cooper Marody            15     1   2  2  

5 vs 5 Defense 
   Defense                  Defense                                           Time % Phy DF OF 
 1 MacKenzie Weegar         K'Andre Miller                                    35     1   2  2  
 2 Brent Burns              Ryan Suter                                        35     1   2  2  
 3 Alexander Romanov        Owen Power                                        30     1   2  2  
 4 MacKenzie Weegar         K'Andre Miller                                    0      1   2  2  

PowerPlay Forward 
   Center                   Left Wing                Right Wing               Time % Phy DF OF 
 1 Seth Jarvis              Matthew Boldy            Andrei Svechnikov        50     1   2  2  
 2 Adam Fantilli            Logan Cooley             Morgan Geekie            50     1   2  2  

PowerPlay Defense
   Defense                  Defense                                           Time % Phy DF OF 
 1 MacKenzie Weegar         K'Andre Miller                                    50     1   2  2  
 2 Brent Burns              Ryan Suter                                        50     1   2  2  

Penalty Kill 4 Players Forward 
   Center                   Wing                     Time % Phy DF OF 
 1 Seth Jarvis              Matthew Boldy            50     1   2  2  
 2 Andrei Svechnikov        Adam Fantilli            50     1   2  2  

Penalty Kill 4 Players Defense
   Defense                  Defense                  Time % Phy DF OF 
 1 MacKenzie Weegar         K'Andre Miller           50     1   2  2  
 2 Brent Burns              Ryan Suter               50     1   2  2  

Penalty Kill - 3 Players Forward 
   Forward                                           Time % Phy DF OF 
 1 Seth Jarvis                                       50     1   2  2  
 2 Matthew Boldy                                     50     1   2  2  

Penalty Kill - 3 Players Defense
   Defense                  Defense                  Time % Phy DF OF 
 1 MacKenzie Weegar         K'Andre Miller           50     1   2  2  
 2 Brent Burns              Ryan Suter               50     1   2  2  

4 vs 4 Forward 
   Center                   Wing                     Time % Phy DF OF 
 1 Seth Jarvis              Matthew Boldy            50     1   2  2  
 2 Andrei Svechnikov        Adam Fantilli            50     1   2  2  

4 vs 4 Defense
   Defense                  Defense                  Time % Phy DF OF 
 1 MacKenzie Weegar         K'Andre Miller           50     1   2  2  
 2 Brent Burns              Ryan Suter               50     1   2  2  

Last Minutes Offensive
   Center                   Left Wing                Right Wing               Defense                  Defense                  
   Seth Jarvis              Matthew Boldy            Andrei Svechnikov        MacKenzie Weegar         K'Andre Miller           

Last Minutes Defensive
   Center                   Left Wing                Right Wing               Defense                  Defense                  
   Seth Jarvis              Matthew Boldy            Andrei Svechnikov        MacKenzie Weegar         K'Andre Miller           

Goaltenders
Starting : Carl Lindbom             
Backup : Andrei Vasilevskiy       

Extra Forwards
Normal : Andrei Kuzmenko, Jansen Harkins, Evander Kane - PP : Andrei Kuzmenko, Jansen Harkins - PK : Evander Kane
Extra Defensemen
Normal : Alexander Romanov, Owen Power, Brent Burns - PP : Alexander Romanov - PK : Owen Power, Brent Burns
Penalty Shots
Seth Jarvis, Matthew Boldy, Andrei Svechnikov, Adam Fantilli, Logan Cooley

Scratches
Jakub Zboril (Healthy), Vitali Kravtsov (Healthy)

% Time on Ice - Nashville Predators

Lines # - Real PCT - Wanted PCT - Time Play
Normal Forward
1 - 31% - 37% - 15:04
2 - 28% - 33% - 13:49
3 - 20% - 15% - 9:32
4 - 21% - 15% - 10:28
Normal Defense
1 - 37% - 40% - 17:55
2 - 37% - 36% - 17:55
3 - 24% - 24% - 11:44
4 - 3% - 0% - 1:19
PP Forward
1 - 51% - 50% - 2:02
2 - 49% - 50% - 1:56
PP Defense
1 - 54% - 50% - 2:09
2 - 46% - 50% - 1:49
PK Forward
1 - 92% - 65% - 6:36
2 - 8% - 35% - 0:33
PK Defense
1 - 63% - 60% - 4:32
2 - 37% - 40% - 2:37
PK3 Forward
1 - 100% - 50% - 0:16
2 - 0% - 50% - 0:00
PK3 Defense
1 - 100% - 50% - 0:16
2 - 0% - 50% - 0:00
44 Forward
1 - 0% - 50%
2 - 0% - 50%
44 Defense
1 - 0% - 60%
2 - 0% - 40%
Last Minute Offensive  - 0:00
Last Minute Defensive  - 0:00
Total
Forward - 60:16
Defense - 60:16

% Time on Ice - Los Angeles Kings

Lines # - Real PCT - Wanted PCT - Time Play
Normal Forward
1 - 28% - 30% - 13:50
2 - 27% - 30% - 13:16
3 - 26% - 25% - 12:56
4 - 18% - 15% - 8:51
Normal Defense
1 - 33% - 35% - 16:19
2 - 34% - 35% - 16:29
3 - 31% - 30% - 15:03
4 - 2% - 0% - 1:02
PP Forward
1 - 49% - 50% - 3:31
2 - 51% - 50% - 3:38
PP Defense
1 - 48% - 50% - 3:26
2 - 52% - 50% - 3:43
PK Forward
1 - 48% - 50% - 1:54
2 - 52% - 50% - 2:04
PK Defense
1 - 53% - 50% - 2:06
2 - 47% - 50% - 1:52
PK3 Forward
1 - 0% - 50%
2 - 0% - 50%
PK3 Defense
1 - 0% - 50%
2 - 0% - 50%
44 Forward
1 - 100% - 50% - 0:16
2 - 0% - 50% - 0:00
44 Defense
1 - 100% - 50% - 0:16
2 - 0% - 50% - 0:00
Last Minute Offensive  - 0:00
Last Minute Defensive  - 0:00
Total
Forward - 60:16
Defense - 60:16

Play-by-Play

1st period


0:01 of 1st period - Jean-Gabriel Pageau wins face-off versus Seth Jarvis in neutral zone.
0:46 of 1st period - Snap shot by James van Riemsdyk.
0:46 of 1st period - Stopped by Carl Lindbom with a rebound.
0:48 of 1st period - Slapshot by Simon Benoit.
0:48 of 1st period - Shot Blocked by K'Andre Miller.
0:50 of 1st period - Slapshot by Rasmus Andersson.
0:50 of 1st period - Stopped by Carl Lindbom with a rebound.
0:52 of 1st period - Slapshot by Simon Benoit.
0:52 of 1st period - Stopped by Carl Lindbom with a rebound.
0:56 of 1st period - Wrist shot by Yegor Sharangovich.
0:56 of 1st period - Stopped by Carl Lindbom with a rebound.
1:05 of 1st period - Off-side.
1:06 of 1st period - Lars Eller wins face-off versus Mikey Eyssimont in neutral zone.
1:21 of 1st period - Snap shot by Cooper Marody.
1:21 of 1st period - Shot Misses the Net.
1:33 of 1st period - Brent Burns is hit by Pius Suter.
2:01 of 1st period - Wrist shot by Jake Neighbours.
2:01 of 1st period - Shot Blocked by Owen Power.
2:03 of 1st period - Slapshot by Parker Wotherspoon.
2:03 of 1st period - Stopped by Carl Lindbom with a rebound.
2:17 of 1st period - Wrist shot by James van Riemsdyk.
2:17 of 1st period - Deflect By Yegor Sharangovich.
2:17 of 1st period - Shot Misses the Net.
2:17 of 1st period - Puck is out of play.
2:18 of 1st period - Jansen Harkins wins face-off versus Jean-Gabriel Pageau in Los Angeles Kings zone.
4:55 of 1st period - K'Andre Miller is hit by Parker Wotherspoon and loses puck.
5:00 of 1st period - Snap shot by James van Riemsdyk.
5:00 of 1st period - Stopped by Carl Lindbom with a rebound.
5:02 of 1st period - Wrist shot by Dante Fabbro.
5:02 of 1st period - Stopped by Carl Lindbom without a rebound.
5:03 of 1st period - Jean-Gabriel Pageau wins face-off versus Seth Jarvis in Los Angeles Kings zone.
5:06 of 1st period - Wrist shot by John-Jason Peterka.
5:06 of 1st period - Shot Misses the Net.
5:08 of 1st period - Slapshot by Brandon Montour.
5:08 of 1st period - Stopped by Carl Lindbom with a rebound.
5:16 of 1st period - Matthew Boldy is hit by Alex Pietrangelo and loses puck.
5:53 of 1st period - Wrist shot by Mikey Eyssimont.
5:53 of 1st period - Shot Misses the Net.
6:20 of 1st period - Icing by MacKenzie Weegar.
6:21 of 1st period - Jean-Gabriel Pageau wins face-off versus Adam Fantilli in Los Angeles Kings zone.
6:23 of 1st period - Minor Penalty to Jean-Gabriel Pageau for Delaying the game.
6:24 of 1st period - Eetu Luostarinen wins face-off versus Seth Jarvis in Nashville Predators zone.
7:01 of 1st period - Icing by MacKenzie Weegar.
7:02 of 1st period - Yegor Sharangovich wins face-off versus Logan Cooley in Los Angeles Kings zone.
7:07 of 1st period - Snap shot by Yegor Sharangovich.
7:07 of 1st period - Goal by Yegor Sharangovich - Nashville Predators : 1 - Los Angeles Kings : 0.
7:08 of 1st period - Eetu Luostarinen wins face-off versus Adam Fantilli in neutral zone.
7:11 of 1st period - Logan Cooley is hit by Eetu Luostarinen and loses puck.
7:15 of 1st period - Icing by Logan Cooley.
7:16 of 1st period - Adam Fantilli wins face-off versus Pius Suter in Los Angeles Kings zone.
7:31 of 1st period - Slapshot by Adam Fantilli.
7:31 of 1st period - Stopped by Anthony Stolarz without a rebound.
7:32 of 1st period - Seth Jarvis wins face-off versus Eetu Luostarinen in Nashville Predators zone.
7:37 of 1st period - Wrist shot by Seth Jarvis.
7:37 of 1st period - Shot Blocked by Alex Pietrangelo.
7:49 of 1st period - Wrist shot by Seth Jarvis.
7:49 of 1st period - Stopped by Anthony Stolarz without a rebound.
7:50 of 1st period - Adam Fantilli wins face-off versus Eetu Luostarinen in Nashville Predators zone.
7:55 of 1st period - Wrist shot by Morgan Geekie.
7:55 of 1st period - Deflect By Logan Cooley.
7:55 of 1st period - Shot Hit the Post.
7:55 of 1st period - Puck is out of play.
7:56 of 1st period - Adam Fantilli wins face-off versus Eetu Luostarinen in Nashville Predators zone.
8:03 of 1st period - Wrist shot by Adam Fantilli.
8:03 of 1st period - Deflect By Logan Cooley.
8:03 of 1st period - Shot Blocked by Rasmus Andersson.
8:03 of 1st period - Puck is out of play.
8:04 of 1st period - Eetu Luostarinen wins face-off versus Seth Jarvis in Nashville Predators zone.
8:23 of 1st period - Penalty to Jean-Gabriel Pageau is over, Jean-Gabriel Pageau is back on ice.
8:38 of 1st period - Slapshot by Logan Cooley.
8:38 of 1st period - Deflect By Morgan Geekie.
8:38 of 1st period - Shot Misses the Net.
8:38 of 1st period - Puck is out of play.
8:39 of 1st period - Jansen Harkins wins face-off versus Jean-Gabriel Pageau in Nashville Predators zone.
9:29 of 1st period - Snap shot by Morgan Geekie.
9:29 of 1st period - Goal by Morgan Geekie - Nashville Predators : 1 - Los Angeles Kings : 1.
9:30 of 1st period - Jean-Gabriel Pageau wins face-off versus Adam Fantilli in neutral zone.
9:32 of 1st period - Off-side.
9:33 of 1st period - Adam Fantilli wins face-off versus Jean-Gabriel Pageau in neutral zone.
9:36 of 1st period - Wrist shot by Morgan Geekie.
9:36 of 1st period - Deflect By Logan Cooley.
9:36 of 1st period - Shot Blocked by Simon Benoit.
9:36 of 1st period - Puck is out of play.
9:37 of 1st period - Adam Fantilli wins face-off versus Jean-Gabriel Pageau in Nashville Predators zone.
9:46 of 1st period - Slapshot by Adam Fantilli.
9:46 of 1st period - Stopped by Anthony Stolarz with a rebound.
10:32 of 1st period - Snap shot by Evander Kane.
10:32 of 1st period - Shot Misses the Net.
11:12 of 1st period - Wrist shot by Morgan Geekie.
11:12 of 1st period - Stopped by Anthony Stolarz with a rebound.
11:14 of 1st period - Backhand shot by Morgan Geekie.
11:14 of 1st period - Stopped by Anthony Stolarz with a rebound.
11:16 of 1st period - Slapshot by MacKenzie Weegar.
11:16 of 1st period - Stopped by Anthony Stolarz without a rebound.
11:17 of 1st period - Jansen Harkins wins face-off versus Marco Kasper in Nashville Predators zone.
12:56 of 1st period - Slapshot by Dmitri Voronkov.
12:56 of 1st period - Shot Misses the Net.
12:58 of 1st period - Wrist shot by Dmitri Voronkov.
12:58 of 1st period - Nashville Predators goal is going for a video replay.
12:58 of 1st period - The goal is good.
12:58 of 1st period - Goal by Dmitri Voronkov - Nashville Predators : 2 - Los Angeles Kings : 1.
12:59 of 1st period - Jean-Gabriel Pageau wins face-off versus Seth Jarvis in neutral zone.
15:10 of 1st period - Eetu Luostarinen is hit by Matthew Boldy and loses puck.
15:15 of 1st period - Snap shot by Seth Jarvis.
15:15 of 1st period - Stopped by Anthony Stolarz with a rebound.
15:53 of 1st period - Wrist shot by Seth Jarvis.
15:53 of 1st period - Deflect By Matthew Boldy.
15:53 of 1st period - Shot Misses the Net.
15:53 of 1st period - Puck is out of play.
15:54 of 1st period - Adam Fantilli wins face-off versus Jean-Gabriel Pageau in Nashville Predators zone.
16:01 of 1st period - Slapshot by Adam Fantilli.
16:01 of 1st period - Shot Misses the Net.
16:12 of 1st period - Icing by K'Andre Miller.
16:13 of 1st period - Logan Cooley wins face-off versus Dmitri Voronkov in Los Angeles Kings zone.
16:42 of 1st period - Wrist shot by John-Jason Peterka.
16:42 of 1st period - Stopped by Carl Lindbom with a rebound.
16:44 of 1st period - Snap shot by John-Jason Peterka.
16:44 of 1st period - Stopped by Carl Lindbom with a rebound.
16:52 of 1st period - Jansen Harkins is hit by Jean-Gabriel Pageau and loses puck.
17:35 of 1st period - Adam Fantilli is hit by Pius Suter and loses puck.
17:43 of 1st period - Icing by Adam Fantilli.
17:44 of 1st period - Morgan Geekie wins face-off versus Jack Roslovic in Los Angeles Kings zone.
18:09 of 1st period - Wrist shot by Logan Cooley.
18:09 of 1st period - Stopped by Anthony Stolarz without a rebound.
18:10 of 1st period - Jean-Gabriel Pageau wins face-off versus Adam Fantilli in Nashville Predators zone.
18:19 of 1st period - Snap shot by John-Jason Peterka.
18:19 of 1st period - Deflect By Jean-Gabriel Pageau.
18:19 of 1st period - Stopped by Carl Lindbom with a rebound.
19:07 of 1st period - Snap shot by Jean-Gabriel Pageau.
19:07 of 1st period - Shot Blocked by Brent Burns.
19:46 of 1st period - Wrist shot by Brandon Tanev.
19:46 of 1st period - Stopped by Carl Lindbom with a rebound.
19:48 of 1st period - Snap shot by Brandon Tanev.
19:48 of 1st period - Shot Blocked by Alexander Romanov.
19:52 of 1st period - Wrist shot by Eetu Luostarinen.
19:52 of 1st period - Stopped by Carl Lindbom without a rebound.
19:53 of 1st period - Marco Kasper wins face-off versus Evander Kane in Los Angeles Kings zone.
19:56 of 1st period - Wrist shot by Marco Kasper.
19:56 of 1st period - Stopped by Carl Lindbom with a rebound.
19:58 of 1st period - Slapshot by Jake Neighbours.
19:58 of 1st period - Stopped by Carl Lindbom without a rebound.
19:59 of 1st period - Jansen Harkins wins face-off versus Marco Kasper in Los Angeles Kings zone.
Goals for this period are 2 for Nashville Predators vs 1 for Los Angeles Kings.
Shots for this period are 17 for Nashville Predators vs 9 for Los Angeles Kings.

2nd period


0:01 of 2nd period - Adam Fantilli wins face-off versus Jake Neighbours in neutral zone.
0:54 of 2nd period - Wrist shot by Mikey Eyssimont.
0:54 of 2nd period - Stopped by Anthony Stolarz with a rebound.
1:02 of 2nd period - Snap shot by Mikey Eyssimont.
1:02 of 2nd period - Shot Misses the Net.
1:43 of 2nd period - Wrist shot by Morgan Geekie.
1:43 of 2nd period - Stopped by Anthony Stolarz with a rebound.
2:20 of 2nd period - Dmitri Voronkov is hit by K'Andre Miller and loses puck.
2:41 of 2nd period - Matthew Boldy is hit by Yegor Sharangovich and loses puck.
4:08 of 2nd period - Brandon Montour is hit by Logan Cooley and loses puck.
4:15 of 2nd period - Backhand shot by Logan Cooley.
4:15 of 2nd period - Shot Misses the Net.
4:17 of 2nd period - Slapshot by Morgan Geekie.
4:17 of 2nd period - Stopped by Anthony Stolarz with a rebound.
4:19 of 2nd period - Backhand shot by Brent Burns.
4:19 of 2nd period - Stopped by Anthony Stolarz without a rebound.
4:20 of 2nd period - Dmitri Voronkov wins face-off versus Jansen Harkins in Nashville Predators zone.
4:33 of 2nd period - Jake Neighbours is hit by Evander Kane.
5:10 of 2nd period - Snap shot by Matthew Boldy.
5:10 of 2nd period - Stopped by Anthony Stolarz with a rebound.
5:12 of 2nd period - Snap shot by Ryan Suter.
5:12 of 2nd period - Shot Misses the Net.
5:14 of 2nd period - Slapshot by Ryan Suter.
5:14 of 2nd period - Shot Misses the Net.
5:32 of 2nd period - Slapshot by Evander Kane.
5:32 of 2nd period - Stopped by Anthony Stolarz without a rebound.
5:33 of 2nd period - Jean-Gabriel Pageau wins face-off versus Jansen Harkins in Nashville Predators zone.
5:41 of 2nd period - Icing by Andrei Kuzmenko.
5:42 of 2nd period - Jean-Gabriel Pageau wins face-off versus Jansen Harkins in Los Angeles Kings zone.
5:43 of 2nd period - Slapshot by John-Jason Peterka.
5:43 of 2nd period - Shot Blocked by MacKenzie Weegar.
5:45 of 2nd period - Snap shot by Pius Suter.
5:45 of 2nd period - Shot Misses the Net.
5:58 of 2nd period - Icing by John-Jason Peterka.
5:59 of 2nd period - Adam Fantilli wins face-off versus John-Jason Peterka in Nashville Predators zone.
6:08 of 2nd period - Backhand shot by Logan Cooley.
6:08 of 2nd period - Deflect By Morgan Geekie.
6:08 of 2nd period - Shot Misses the Net.
6:08 of 2nd period - Puck is out of play.
6:09 of 2nd period - Marco Kasper wins face-off versus Logan Cooley in Nashville Predators zone.
6:26 of 2nd period - Snap shot by Logan Cooley.
6:26 of 2nd period - Deflect By Adam Fantilli.
6:26 of 2nd period - Stopped by Anthony Stolarz with a rebound.
6:28 of 2nd period - Slapshot by Morgan Geekie.
6:28 of 2nd period - Stopped by Anthony Stolarz without a rebound.
6:29 of 2nd period - Seth Jarvis wins face-off versus Jean-Gabriel Pageau in Nashville Predators zone.
7:03 of 2nd period - Logan Cooley is hit by Dmitri Voronkov and loses puck.
7:20 of 2nd period - Jansen Harkins is hit by Jack Roslovic and loses puck.
7:30 of 2nd period - Minor Penalty to Evander Kane for Hooking.
7:31 of 2nd period - Seth Jarvis wins face-off versus Jean-Gabriel Pageau in Los Angeles Kings zone.
7:39 of 2nd period - Snap shot by Jean-Gabriel Pageau.
7:39 of 2nd period - Shot Blocked by MacKenzie Weegar.
7:57 of 2nd period - Dmitri Voronkov is hit by Adam Fantilli and loses puck.
8:24 of 2nd period - Ryan Suter is hit by Jake Neighbours and loses puck.
9:30 of 2nd period - Penalty to Evander Kane is over, Evander Kane is back on ice.
9:45 of 2nd period - Snap shot by Jack Roslovic.
9:45 of 2nd period - Shot Blocked by Cooper Marody.
9:51 of 2nd period - Cooper Marody is hit by Simon Benoit.
10:10 of 2nd period - Eetu Luostarinen is hit by Evander Kane.
10:30 of 2nd period - Snap shot by Adam Fantilli.
10:30 of 2nd period - Stopped by Anthony Stolarz with a rebound.
11:18 of 2nd period - Wrist shot by James van Riemsdyk.
11:18 of 2nd period - Shot Blocked by K'Andre Miller.
11:52 of 2nd period - Wrist shot by Andrei Kuzmenko.
11:52 of 2nd period - Stopped by Anthony Stolarz with a rebound.
12:01 of 2nd period - Icing by Owen Power.
12:02 of 2nd period - Adam Fantilli wins face-off versus Lars Eller in Los Angeles Kings zone.
12:52 of 2nd period - Slapshot by John-Jason Peterka.
12:52 of 2nd period - Shot Misses the Net.
12:54 of 2nd period - Snap shot by Pius Suter.
12:54 of 2nd period - Shot Hit the Post.
12:56 of 2nd period - Snap shot by Pius Suter.
12:56 of 2nd period - Stopped by Carl Lindbom with a rebound.
12:58 of 2nd period - Slapshot by Pius Suter.
12:58 of 2nd period - Shot Blocked by Jansen Harkins.
13:00 of 2nd period - Wrist shot by Parker Wotherspoon.
13:00 of 2nd period - Shot Blocked by Ryan Suter.
13:16 of 2nd period - Snap shot by Dmitri Voronkov.
13:16 of 2nd period - Stopped by Carl Lindbom with a rebound.
13:18 of 2nd period - Snap shot by Dmitri Voronkov.
13:18 of 2nd period - Stopped by Carl Lindbom with a rebound.
13:20 of 2nd period - Wrist shot by Jake Neighbours.
13:20 of 2nd period - Stopped by Carl Lindbom with a rebound.
14:23 of 2nd period - Slapshot by Dmitri Voronkov.
14:23 of 2nd period - Shot Blocked by Alexander Romanov.
14:25 of 2nd period - Snap shot by Marco Kasper.
14:25 of 2nd period - Stopped by Carl Lindbom with a rebound.
14:27 of 2nd period - Slapshot by Parker Wotherspoon.
14:27 of 2nd period - Stopped by Carl Lindbom with a rebound.
15:06 of 2nd period - Brandon Tanev is hit by Matthew Boldy and loses puck.
16:19 of 2nd period - Parker Wotherspoon is hit by Andrei Kuzmenko and loses puck.
16:34 of 2nd period - Adam Fantilli is hit by James van Riemsdyk and loses puck.
16:39 of 2nd period - Wrist shot by Jack Roslovic.
16:39 of 2nd period - Shot Misses the Net.
16:41 of 2nd period - Wrist shot by James van Riemsdyk.
16:41 of 2nd period - Stopped by Carl Lindbom with a rebound.
17:11 of 2nd period - Minor Penalty to Simon Benoit for High sticking.
17:12 of 2nd period - Jean-Gabriel Pageau wins face-off versus Adam Fantilli in Nashville Predators zone.
17:49 of 2nd period - Snap shot by Seth Jarvis.
17:49 of 2nd period - Stopped by Anthony Stolarz with a rebound.
18:55 of 2nd period - Morgan Geekie is hit by Rasmus Andersson.
19:11 of 2nd period - Penalty to Simon Benoit is over, Simon Benoit is back on ice.
19:21 of 2nd period - Wrist shot by Pius Suter.
19:21 of 2nd period - Shot Misses the Net.
19:49 of 2nd period - Slapshot by Alex Pietrangelo.
19:49 of 2nd period - Stopped by Carl Lindbom with a rebound.
19:51 of 2nd period - Slapshot by Alex Pietrangelo.
19:51 of 2nd period - Deflect By Brandon Tanev.
19:51 of 2nd period - Shot Misses the Net.
19:51 of 2nd period - Puck is out of play.
19:52 of 2nd period - Alex Gallant wins face-off versus James van Riemsdyk in Los Angeles Kings zone.
19:52 of 2nd period - Alex Gallant is hit by Jack Roslovic.
19:59 of 2nd period - Off-side.
Goals for this period are 0 for Nashville Predators vs 0 for Los Angeles Kings.
Shots for this period are 8 for Nashville Predators vs 11 for Los Angeles Kings.

3rd period


0:01 of 3rd period - Jean-Gabriel Pageau wins face-off versus Seth Jarvis in neutral zone.
0:16 of 3rd period - Snap shot by Matthew Boldy.
0:16 of 3rd period - Stopped by Anthony Stolarz without a rebound.
0:17 of 3rd period - Marco Kasper wins face-off versus Adam Fantilli in Nashville Predators zone.
0:28 of 3rd period - Slapshot by Logan Cooley.
0:28 of 3rd period - Shot Misses the Net.
0:30 of 3rd period - Wrist shot by Ryan Suter.
0:30 of 3rd period - Shot Misses the Net.
0:32 of 3rd period - Snap shot by Ryan Suter.
0:32 of 3rd period - Deflect By Morgan Geekie.
0:32 of 3rd period - Stopped by Anthony Stolarz with a rebound.
0:42 of 3rd period - John-Jason Peterka is hit by Seth Jarvis and loses puck.
1:24 of 3rd period - Off-side.
1:25 of 3rd period - Lars Eller wins face-off versus Mikey Eyssimont in neutral zone.
2:05 of 3rd period - Wrist shot by Eetu Luostarinen.
2:05 of 3rd period - Shot Misses the Net.
2:07 of 3rd period - Wrist shot by Lars Eller.
2:07 of 3rd period - Stopped by Carl Lindbom with a rebound.
2:09 of 3rd period - Snap shot by Lars Eller.
2:09 of 3rd period - Goal by Lars Eller - Nashville Predators : 3 - Los Angeles Kings : 1.
2:10 of 3rd period - Pius Suter wins face-off versus Seth Jarvis in neutral zone.
2:35 of 3rd period - Marco Kasper is hit by Adam Fantilli and loses puck.
3:41 of 3rd period - Icing by Owen Power.
3:42 of 3rd period - Jean-Gabriel Pageau wins face-off versus Seth Jarvis in Los Angeles Kings zone.
4:47 of 3rd period - Slapshot by K'Andre Miller.
4:47 of 3rd period - Stopped by Anthony Stolarz without a rebound.
4:48 of 3rd period - Mikey Eyssimont wins face-off versus Jean-Gabriel Pageau in Nashville Predators zone.
5:03 of 3rd period - Slapshot by MacKenzie Weegar.
5:03 of 3rd period - Stopped by Anthony Stolarz with a rebound.
5:13 of 3rd period - Matthew Boldy is hit by Marco Kasper and loses puck.
5:38 of 3rd period - Snap shot by Morgan Geekie.
5:38 of 3rd period - Deflect By Logan Cooley.
5:38 of 3rd period - Shot Blocked by Alex Pietrangelo.
5:38 of 3rd period - Puck is out of play.
5:39 of 3rd period - Adam Fantilli wins face-off versus Jack Roslovic in Nashville Predators zone.
5:44 of 3rd period - Wrist shot by Morgan Geekie.
5:44 of 3rd period - Deflect By Logan Cooley.
5:44 of 3rd period - Shot Misses the Net.
5:44 of 3rd period - Puck is out of play.
5:45 of 3rd period - Jean-Gabriel Pageau wins face-off versus Adam Fantilli in Nashville Predators zone.
5:48 of 3rd period - Snap shot by Morgan Geekie.
5:48 of 3rd period - Shot Misses the Net.
5:50 of 3rd period - Slapshot by Logan Cooley.
5:50 of 3rd period - Shot Misses the Net.
6:22 of 3rd period - Wrist shot by Andrei Kuzmenko.
6:22 of 3rd period - Goal by Andrei Kuzmenko - Nashville Predators : 3 - Los Angeles Kings : 2.
6:23 of 3rd period - Marco Kasper wins face-off versus Seth Jarvis in neutral zone.
6:34 of 3rd period - Snap shot by Dmitri Voronkov.
6:34 of 3rd period - Stopped by Carl Lindbom with a rebound.
7:18 of 3rd period - Slapshot by Pius Suter.
7:18 of 3rd period - Stopped by Carl Lindbom with a rebound.
7:20 of 3rd period - Slapshot by Brandon Montour.
7:20 of 3rd period - Stopped by Carl Lindbom with a rebound.
8:16 of 3rd period - Snap shot by Morgan Geekie.
8:16 of 3rd period - Deflect By Adam Fantilli.
8:16 of 3rd period - Deflect By Dante Fabbro.
8:16 of 3rd period - Shot Blocked by Dante Fabbro.
8:16 of 3rd period - Puck is out of play.
8:17 of 3rd period - Adam Fantilli wins face-off versus Jean-Gabriel Pageau in Nashville Predators zone.
8:48 of 3rd period - Snap shot by Morgan Geekie.
8:48 of 3rd period - Stopped by Anthony Stolarz without a rebound.
8:49 of 3rd period - Jean-Gabriel Pageau wins face-off versus Matthew Boldy in Nashville Predators zone.
9:11 of 3rd period - Minor Penalty to Brandon Montour for High sticking.
9:12 of 3rd period - Jean-Gabriel Pageau wins face-off versus Seth Jarvis in Nashville Predators zone.
9:23 of 3rd period - Snap shot by Seth Jarvis.
9:23 of 3rd period - Stopped by Anthony Stolarz with a rebound.
10:11 of 3rd period - Wrist shot by Brandon Tanev.
10:11 of 3rd period - Deflect By Lars Eller.
10:11 of 3rd period - Shot Blocked by Morgan Geekie.
10:11 of 3rd period - Puck is out of play.
10:12 of 3rd period - Adam Fantilli wins face-off versus Lars Eller in Los Angeles Kings zone.
10:19 of 3rd period - Wrist shot by Adam Fantilli.
10:19 of 3rd period - Shot Misses the Net.
11:11 of 3rd period - Penalty to Brandon Montour is over, Brandon Montour is back on ice.
11:17 of 3rd period - Brandon Montour is hit by Evander Kane and loses puck.
11:20 of 3rd period - Slapshot by Brandon Montour.
11:20 of 3rd period - Shot Blocked by MacKenzie Weegar.
11:22 of 3rd period - Slapshot by Alex Pietrangelo.
11:22 of 3rd period - Stopped by Carl Lindbom with a rebound.
11:24 of 3rd period - Wrist shot by Brandon Montour.
11:24 of 3rd period - Shot Blocked by Evander Kane.
11:26 of 3rd period - Wrist shot by Marco Kasper.
11:26 of 3rd period - Shot Blocked by Jansen Harkins.
11:32 of 3rd period - Minor Penalty to MacKenzie Weegar for Interference.
11:33 of 3rd period - Dmitri Voronkov wins face-off versus Andrei Svechnikov in Los Angeles Kings zone.
11:48 of 3rd period - Wrist shot by Marco Kasper.
11:48 of 3rd period - Stopped by Carl Lindbom without a rebound.
11:49 of 3rd period - Jean-Gabriel Pageau wins face-off versus Seth Jarvis in Los Angeles Kings zone.
13:32 of 3rd period - Penalty to MacKenzie Weegar is over, MacKenzie Weegar is back on ice.
13:45 of 3rd period - Slapshot by Eetu Luostarinen.
13:45 of 3rd period - Stopped by Carl Lindbom with a rebound.
13:59 of 3rd period - MacKenzie Weegar is hit by Jack Roslovic and loses puck.
14:04 of 3rd period - Snap shot by Jack Roslovic.
14:04 of 3rd period - Shot Blocked by Cooper Marody.
14:06 of 3rd period - Snap shot by Jack Roslovic.
14:06 of 3rd period - Stopped by Carl Lindbom without a rebound.
14:07 of 3rd period - Jansen Harkins wins face-off versus Jack Roslovic in Los Angeles Kings zone.
15:13 of 3rd period - Brandon Tanev is hit by Mikey Eyssimont and loses puck.
15:18 of 3rd period - Slapshot by Owen Power.
15:18 of 3rd period - Stopped by Anthony Stolarz with a rebound.
15:46 of 3rd period - Slapshot by Jean-Gabriel Pageau.
15:46 of 3rd period - Stopped by Carl Lindbom with a rebound.
16:08 of 3rd period - Parker Wotherspoon is hit by Alexander Romanov.
16:43 of 3rd period - Snap shot by Simon Benoit.
16:43 of 3rd period - Stopped by Carl Lindbom with a rebound.
16:53 of 3rd period - Snap shot by Evander Kane.
16:53 of 3rd period - Shot Misses the Net.
16:57 of 3rd period - Snap shot by Andrei Kuzmenko.
16:57 of 3rd period - Shot Misses the Net.
16:59 of 3rd period - Slapshot by Alexander Romanov.
16:59 of 3rd period - Stopped by Anthony Stolarz with a rebound.
17:01 of 3rd period - Slapshot by Jansen Harkins.
17:01 of 3rd period - Goal by Jansen Harkins - Nashville Predators : 3 - Los Angeles Kings : 3.
17:02 of 3rd period - Jansen Harkins wins face-off versus Jean-Gabriel Pageau in neutral zone.
17:12 of 3rd period - Wrist shot by John-Jason Peterka.
17:12 of 3rd period - Stopped by Carl Lindbom without a rebound.
17:13 of 3rd period - Pius Suter wins face-off versus Jansen Harkins in Los Angeles Kings zone.
17:18 of 3rd period - Wrist shot by John-Jason Peterka.
17:18 of 3rd period - Stopped by Carl Lindbom without a rebound.
17:19 of 3rd period - Jansen Harkins wins face-off versus Jean-Gabriel Pageau in Los Angeles Kings zone.
17:46 of 3rd period - Slapshot by Brent Burns.
17:46 of 3rd period - Shot Misses the Net.
17:48 of 3rd period - Wrist shot by Seth Jarvis.
17:48 of 3rd period - Stopped by Anthony Stolarz without a rebound.
17:49 of 3rd period - Seth Jarvis wins face-off versus Marco Kasper in Nashville Predators zone.
18:14 of 3rd period - Matthew Boldy is hit by Simon Benoit and loses puck.
18:31 of 3rd period - Snap shot by Andrei Svechnikov.
18:31 of 3rd period - Shot Misses the Net.
18:33 of 3rd period - Wrist shot by Andrei Svechnikov.
18:33 of 3rd period - Stopped by Anthony Stolarz with a rebound.
18:35 of 3rd period - Wrist shot by Matthew Boldy.
18:35 of 3rd period - Shot Misses the Net.
18:37 of 3rd period - Slapshot by Brent Burns.
18:37 of 3rd period - Stopped by Anthony Stolarz without a rebound.
18:38 of 3rd period - Jansen Harkins wins face-off versus Jean-Gabriel Pageau in Nashville Predators zone.
18:45 of 3rd period - Snap shot by Andrei Kuzmenko.
18:45 of 3rd period - Shot Blocked by Brandon Montour.
18:47 of 3rd period - Minor Penalty to John-Jason Peterka for Holding.
18:48 of 3rd period - Jean-Gabriel Pageau wins face-off versus Adam Fantilli in Nashville Predators zone.
19:01 of 3rd period - Snap shot by K'Andre Miller.
19:01 of 3rd period - Deflect By Rasmus Andersson.
19:01 of 3rd period - Stopped by Anthony Stolarz without a rebound.
19:02 of 3rd period - Seth Jarvis wins face-off versus Jean-Gabriel Pageau in Nashville Predators zone.
Goals for this period are 1 for Nashville Predators vs 2 for Los Angeles Kings.
Shots for this period are 13 for Nashville Predators vs 14 for Los Angeles Kings.

Overtime #1


0:01 of 1st overtime period - Jean-Gabriel Pageau wins face-off versus Seth Jarvis in neutral zone.
0:10 of 1st overtime period - Slapshot by Jean-Gabriel Pageau.
0:10 of 1st overtime period - Shot Blocked by K'Andre Miller.
0:12 of 1st overtime period - Snap shot by Alex Pietrangelo.
0:12 of 1st overtime period - Deflect By Jean-Gabriel Pageau.
0:12 of 1st overtime period - Stopped by Carl Lindbom with a rebound.
0:14 of 1st overtime period - Slapshot by Alex Pietrangelo.
0:14 of 1st overtime period - Stopped by Carl Lindbom with a rebound.
0:16 of 1st overtime period - Slapshot by Jean-Gabriel Pageau.
0:16 of 1st overtime period - Goal by Jean-Gabriel Pageau - Nashville Predators : 4 - Los Angeles Kings : 3.
Goals for this period are 1 for Nashville Predators vs 0 for Los Angeles Kings.
Shots for this period are 3 for Nashville Predators vs 0 for Los Angeles Kings.